 Dungeon Crawl Stone Soup version 0.27-a0-906-g0a00ce863d (webtiles) character file.

Game seed: 12707004194795637731

29 littlecub the Ruffian (level 3, -1/30 HPs)
             Began as a Ghoul Gladiator on Apr 6, 2021.
             Slain by Terence
             ... wielding a +0 flail
              (6 damage)
             ... on level 2 of the Dungeon.
             The game lasted 00:01:07 (596 turns).

littlecub the Ruffian (Ghoul Gladiator)              Turns: 596, Time: 00:01:08

Health: -1/30      AC:  6    Str: 18    XL:     3   Next: 16%
Magic:  2/2        EV: 11    Int:  3    God:
Gold:   20         SH:  0    Dex: 10    Spells: 2/2 levels left

rFire    . . .     SeeInvis .     - Unarmed
rCold    + . .     Faith    .   (no shield)
rNeg     + + +     Spirit   .   h - +0 ring mail
rPois    ∞         Reflect  .   b - +0 helmet
rElec    .         Harm     .   (no cloak)
rCorr    .         Rampage  .   (no gloves)
Will     .....                  (no boots)
Stlth    ..........             (no amulet)
HPRegen  0.00/turn              (no ring)
MPRegen  0.08/turn              (no ring)

@: no status effects
A: claws 1, cold resistance 1, negative energy resistance 3, inhibited
regeneration, torment resistance 2, unbreathing 1
a: no special abilities


You were on level 2 of the Dungeon.
You visited 1 branch of the dungeon, and saw 2 of its levels.

You collected 20 gold pieces.

Inventory:

Missiles
 c - 3 throwing nets (quivered)
Armour
 b - a +0 helmet (worn)
 h - a +0 ring mail (worn)
Scrolls
 f - a scroll of magic mapping {unknown}
 g - a scroll of amnesia
Potions
 a - a potion of magic {unknown}
 d - a potion of heal wounds {unknown}


   Skills:
 * Level 2.8 Fighting
 - Level 1.7 Throwing
 + Level 0.7 Armour
 + Level 2.9 Dodging
 * Level 3.7 Unarmed Combat


You had 2 spell levels left.
You didn't know any spells.
Your spell library was empty.

Dungeon Overview and Level Annotations

Branches:
Dungeon (2/15)

Altars:

Annotations:
D:2 Terence


Innate Abilities, Weirdness & Mutations

You thrive by killing the living.
You are immune to poison.
You have sharp fingernails.
Your flesh is cold resistant. (rC+)
You are immune to negative energy. (rN+++)
You do not regenerate when monsters are visible.
You are immune to unholy pain and torment.
You can survive without breathing.


Message History

Found a stone staircase leading down.
a - a fizzy grey potion;
d - an emerald potion You see here a rat corpse.
A hobgoblin and Terence come into view.
The hobgoblin shouts!
You scratch Terence but do no damage. Terence hits you with a +0 flail.
You completely miss Terence. Terence hits you with a +0 flail.
You scratch Terence.
Terence is moderately wounded.
Terence hits you but does no damage.
You barely miss Terence.
Terence is moderately wounded.
Terence barely misses you.
You scratch Terence. You claw Terence.
Terence is heavily wounded.
Terence hits you with a +0 flail.
You barely miss Terence.
Terence is heavily wounded.
You scratch Terence but do no damage.
Terence is heavily wounded.
Terence hits you with a +0 flail!
You scratch Terence.
Terence is severely wounded.
Terence hits you with a +0 flail.
* * * LOW HITPOINT WARNING * * *
You scratch Terence.
Terence is severely wounded.
Terence closely misses you.
You scratch Terence.
Terence is almost dead.
Terence shouts, "Get ready for death!"
Terence misses you.
You scratch Terence but do no damage.
Terence is almost dead.
Terence hits you with a +0 flail.
* * * LOW HITPOINT WARNING * * *
You barely miss Terence.
Terence is almost dead.
Terence hits you with a +0 flail.
You die...

.. #. .## ## ..#.. #.#@
##.. #..## .# ## #..†#####
...... ....>..#g@@..#
#...# ..
.......#####>#####.#.##...
......................#.##
......g#####....##........
....... ####..#.##.....
####### ###.....# #...###
#...# #...#


You could see Terence and a hobgoblin.

Vanquished Creatures
  A dart slug (D:1)
  3 ball pythons (D:1)
  2 giant cockroaches (D:1)
  6 goblins (D:1)
  A hobgoblin (D:1)
  2 jackals (D:1)
  3 kobolds (D:1)
  2 bats
  A frilled lizard (D:1)
  3 rats
24 creatures vanquished.

Notes
Turn   | Place    | Note
-------+----------+-------------------------------------------
     0 | D:1      | littlecub the Ghoul Gladiator began the quest for the Orb.
     0 | D:1      | Reached XP level 1. HP: 17/17 MP: 0/0
    37 | D:1      | Reached XP level 2. HP: 20/25 MP: 1/1
   479 | D:1      | Reached XP level 3. HP: 30/30 MP: 2/2
   580 | D:2      | Noticed Terence
   596 | D:2      | Slain by Terence

Illustrated notes

Levels and vault maps discovered:
D:1:      minmay_arrival_solitary_statue, layout_basic
D:2:      layout_rooms, serial_bayou_ford_a, uniq_robin, uniq_terence

Action                   || total
-------------------------++-------
Melee: Unarmed           ||    71
       Punch             ||     2
  Use: Scroll            ||     2
Armor: Leather armour    ||    15
       Ring mail         ||    12
Dodge: Dodged            ||    39

Table legend: (Time is in decaauts)
 A = Elapsed time spent in this place.
 B = Non-inter-level travel time spent in this place.
 C = Inter-level travel time spent in this place.
 D = Time resting spent in this place.
 E = Time spent auto-exploring this place.
 F = Levels seen in this place.
 G = Mean time per level.
                   A        B        C        D        E       F      G
               +--------+--------+--------+--------+--------+-----+--------+
         Total |    591 |    590 |      1 |      0 |    451 |   2 |  295.5 |
       Dungeon |    591 |    590 |      1 |      0 |    451 |   2 |  295.5 |
               +--------+--------+--------+--------+--------+-----+--------+

Top non-repeatable levels by time:
     D:1: 546 daAuts
     D:2: 45 daAuts
